 Dungeon Crawl Stone Soup version 0.26-a0-1060-g086102a3f0 (webtiles) character file.

Game seed: 12006772845889219424

1023 bastard the Spear-Bearer (level 8, -3/56 HPs)
             Began as a Merfolk Gladiator on Dec 14, 2020.
             Was a Believer of Okawaru.
             Slain by an orc warrior
             ... wielding a +0 scimitar
              (21 damage)
             ... on level 5 of the Dungeon.
             The game lasted 00:06:17 (5920 turns).

bastard the Spear-Bearer (Merfolk Gladiator)        Turns: 5920, Time: 00:06:18

Health: -3/56      AC:  4    Str: 15    XL:     8   Next: 22%
Magic:  8/8        EV: 14    Int: 14    God:    Okawaru [**....]
Gold:   99         SH:  0    Dex: 16    Spells: 7/7 levels left

rFire    . . .     SeeInvis .   a - +0 trident
rCold    . . .     Faith    .   (no shield)
rNeg     . . .     Spirit   .   b - +0 leather armour
rPois    .         Reflect  .   c - +0 helmet
rElec    .         Harm     .   f - scarf {+Inv}
rCorr    +         Rampage  .   (no gloves)
Will     .....                  (no boots)
Stlth    +.........             (no amulet)
HPRegen  0.18/turn              k - +6 ring of intelligence
MPRegen  0.11/turn              p - ring of resist corrosion

@: no status effects
A: change form in water, swift swim, stealthy swim
a: Heroism, Renounce Religion, Evoke Invisibility


You were on level 5 of the Dungeon.
You worshipped Okawaru.
Okawaru was pleased with you.
You visited 1 branch of the dungeon, and saw 5 of its levels.

You collected 268 gold pieces.
You spent 169 gold pieces at shops.

Inventory:

Hand Weapons
 a - a +0 trident (weapon)
Armour
 b - a +0 leather armour (worn)
 c - a +0 helmet (worn)
 f - a scarf of invisibility (worn)
Jewellery
 k - a +6 ring of intelligence (left hand)
 p - a ring of resist corrosion (right hand)
Scrolls
 l - a scroll of magic mapping
 q - 2 scrolls of remove curse
Potions
 e - a potion of invisibility {unknown}
 g - a potion of resistance
 h - 4 potions of curing
 i - a potion of lignification {unknown}
 j - a potion of might {unknown}
 m - a potion of haste {unknown}
 n - 5 potions of cancellation
 s - a potion of degeneration {unknown}


   Skills:
 - Level 2.1 Fighting
 + Level 13.3 Polearms
 - Level 2.0 Throwing
 - Level 4.0 Dodging


You had 7 spell levels left.
You didn't know any spells.
Your spell library was empty.

Dungeon Overview and Level Annotations

Branches:
Dungeon (5/15)
 Temple: D:4-7

Altars:
Ashenzari
Cheibriados
Gozag
Okawaru
Trog
Uskayaw
Xom

Shops:
D:4 (=***


Message History

Aim: an orc warrior, wielding a +0 scimitar and wearing a +0 plate armour You throw a throwing net.
The throwing net barely misses the orc warrior.
The orc warrior hits you with a +0 scimitar!!
The orc priest invokes the aid of Beogh against you.
Beogh smites you!
* * * LOW HITPOINT WARNING * * *
There is an open door here.
Okay, then.
There is an open door here.
An orc wizard comes into view. It is wielding a +0 dagger.
An orc comes into view. It is wielding a +0 club.
The orc wizard shouts!
The orc shouts!
You hear a shout!
An orc comes into view. It is wielding a +0 dagger.
The orc wizard hits you but does no damage.
The orc wizard gestures wildly while chanting.
The orc wizard flickers and vanishes!
Deactivating autopickup; reactivate with Ctrl-A.
The orc warrior hits you with a +0 scimitar!!
You die...

.# #.# ##...##
#........##.# .## ##.#
##+## ##.#.######.#
#.###.## #.# #o#.# #.#
##...########.##
#o#.######.# ##.##
#.......# #o#........#
#.####.#.....##
#.##########
#.............# #.#
######.#.....#### #.#
#.#......@o###.######
#.#.##..##..........#
#.......###########..≈
###.......#
######'.##.##
#≈≈≈≈≈#.##..#
#....≈#.###.##
###....≈#.# #..#
#####.#....≈#.####'###


You could see an orc warrior.

Vanquished Creatures
  A sky beast (D:5)
  A necrophage (D:5)
  2 ogres (D:4)
  An ice beast (D:3)
  2 centaurs (D:5)
  A bullfrog (D:2)
  A howler monkey (D:5)
  A hound (D:4)
  An orc priest (D:2)
  An orc wizard (D:3)
  A bullfrog skeleton (D:5)
  An iguana (D:4)
  2 worker ants (D:4)
  A hound skeleton (D:5)
  5 adders
  2 oozes
  An adder zombie (D:5)
  2 worms
  3 leopard geckos
  6 orcs
  2 ball pythons
  A giant cockroach (D:3)
  13 goblins
  4 hobgoblins (D:1)
  5 jackals
  4 quokkas
  A ball python skeleton (D:4)
  3 bats (D:3)
  9 frilled lizards
  6 kobolds
  2 rats
86 creatures vanquished.

Notes
Turn   | Place    | Note
-------+----------+-------------------------------------------
     0 | D:1      | bastard the Merfolk Gladiator began the quest for the Orb.
     0 | D:1      | Reached XP level 1. HP: 16/16 MP: 1/1
   101 | D:1      | Reached skill level 5 in Polearms
   132 | D:1      | Reached XP level 2. HP: 22/22 MP: 2/2
   840 | D:2      | Reached skill level 6 in Polearms
   840 | D:2      | Reached XP level 3. HP: 27/27 MP: 3/3
   840 | D:2      | Noticed a bullfrog
   851 | D:2      | Killed a bullfrog
   852 | D:2      | Reached skill level 7 in Polearms
   852 | D:2      | Reached XP level 4. HP: 13/33 MP: 4/4
  1133 | D:2      | Found a bloodstained altar of Trog.
  1215 | D:2      | Found an iron altar of Okawaru.
  1230 | D:2      | Became a worshipper of Warmaster Okawaru
  1740 | D:3      | Reached skill level 8 in Polearms
  1740 | D:3      | Reached XP level 5. HP: 32/38 MP: 5/5
  1870 | D:3      | Found a broken altar of Ashenzari.
  1871 | D:3      | Found a snail-covered altar of Cheibriados.
  2010 | D:3      | Noticed an ice beast
  2030 | D:3      | Killed an ice beast
  2031 | D:3      | Reached skill level 9 in Polearms
  2569 | D:3      | Reached XP level 6. HP: 32/44 MP: 6/6
  2746 | D:3      | Found an opulent altar of Gozag.
  2746 | D:3      | Found a shimmering altar of Xom.
  3073 | D:3      | Reached skill level 10 in Polearms
  3268 | D:4      | Found Taokopne's Jewellery Shoppe.
  3272 | D:4      | Reached * piety under Okawaru
  3284 | D:4      | Found a hide-covered altar of Uskayaw.
  3385 | D:4      | Reached XP level 7. HP: 35/50 MP: 7/7
  3580 | D:4      | Reached skill level 11 in Polearms
  4024 | D:4      | Found Yrchaxzi's Assorted Antiques.
  4025 | D:4      | Found Xuumah's General Store.
  4043 | D:4      | Bought 3 scrolls of remove curse for 99 gold pieces
  4065 | D:4      | Found Oneluu's General Store.
  4076 | D:4      | Bought a potion of heal wounds for 70 gold pieces
  4245 | D:4      | Found Koetz's Antique Weapon Emporium.
  4876 | D:5      | Entered Level 5 of the Dungeon
  4947 | D:5      | Reached skill level 12 in Polearms
  5271 | D:5      | Reached ** piety under Okawaru
  5309 | D:5      | Reached XP level 8. HP: 56/56 MP: 8/8
  5317 | D:5      | Reached skill level 13 in Polearms
  5920 | D:5      | Slain by an orc warrior

Illustrated notes

Levels and vault maps discovered:
D:1:      scummos_arrival_simple_fountains, layout_basic
D:2:      layout_loops_ring, lemuel_crystal_altar, serial_rivers,
          chequers_serial_rivers_micro_d, chequers_serial_rivers_micro_b,
          chequers_serial_rivers_micro_c, chequers_serial_rivers_micro_a,
          chequers_serial_rivers_micro_e, chequers_serial_rivers_small_b,
          kennysheep_okawaru_gauntlet
D:3:      layout_basic, gammafunk_temple_overflow_elements,
          gammafunk_temple_overflow_statue
D:4:      layout_layer_cave, eat_drink_and_be_merry_uskayaw, serial_shops,
          nicolae_shop_trees, shop, nicolae_shop_trees, shop, shop
D:5:      layout_loops_corners, serial_rivers, chequers_serial_rivers_room_a,
          chequers_serial_rivers_small_3, chequers_serial_rivers_micro_b,
          chequers_serial_rivers_room_b, chequers_serial_rivers_room_a,
          chequers_serial_rivers_micro_c, uniq_edmund, uniq_grinder

Skill      XL: |  1  2  3  4  5  6  7  8 |
---------------+-------------------------+-----
Polearms       | 5 6 7 8 9 10 12 13 | 13.3
Fighting       | |  2.1
Throwing       | |  2.0
Dodging        | |  4.0

Action                   |  1- 3 |  4- 6 |  7- 9 || total
-------------------------+-------+-------+-------++-------
Melee: Trident           |    80 |   178 |   149 ||   407
Throw: Throwing net      |       |     4 |     3 ||     7
  Use: Scroll            |       |     8 |     2 ||    10
       Potion            |       |       |     3 ||     3
 Stab: Sleeping          |     2 |     4 |     3 ||     9
       Held in net/web   |       |       |     1 ||     1
Armor: Leather armour    |    15 |    20 |    16 ||    51
Dodge: Dodged            |    39 |    82 |    57 ||   178

Table legend: (Time is in decaauts)
 A = Elapsed time spent in this place.
 B = Non-inter-level travel time spent in this place.
 C = Inter-level travel time spent in this place.
 D = Time resting spent in this place.
 E = Time spent auto-exploring this place.
 F = Levels seen in this place.
 G = Mean time per level.
                   A        B        C        D        E       F      G
               +--------+--------+--------+--------+--------+-----+--------+
         Total |   5841 |   5770 |     71 |      0 |   4990 |   5 | 1168.2 |
       Dungeon |   5841 |   5770 |     71 |      0 |   4990 |   5 | 1168.2 |
               +--------+--------+--------+--------+--------+-----+--------+

Top non-repeatable levels by time:
     D:4: 1584 daAuts
     D:2: 1463 daAuts
     D:5: 1013 daAuts
     D:3: 956 daAuts
     D:1: 824 daAuts
